 Dungeon Crawl Stone Soup version 0.31-a0-161-gb58dd9be76 (webtiles) character file.

Game seed: 56301666835928599

256332 qw the Warrior (level 20, -6/139 HPs)
             Began as a Gargoyle Fighter on June 12, 2023.
             Was an Elder of Okawaru.
             Mangled by an orc knight
             ... wielding a +0 bardiche
              (19 damage)
             ... on level 4 of the Vaults.
             The game lasted 00:21:22 (40457 turns).

qw the Warrior (Gargoyle Fighter)                  Turns: 40457, Time: 00:21:22

Health: -6/139     AC: 49    Str: 35    XL:     20   Next: 23%
Magic:  27/27      EV: 17    Int: 17    God:    Okawaru [****..]
Gold:   1073       SH: 16    Dex: 17    Spells: 19/19 levels left

rFire   + . .        h - +8 broad axe "Inuech" {heavy, rN+}
rCold   . . .        x - +0 kite shield
rNeg    + + .        q - +3 chain mail of Hedge Wizardry {Str+4 Dex+4}
rPois   inf          s - +2 hat
rElec   +            C - +2 cloak {rF+}
rCorr   +            G - +2 pair of gloves {Dex+3}
SInv    .            y - +1 pair of boots "Qycif" {Str+3 Int+4}
Will    ++...        p - amulet of faith
Stlth   +            J - ring of willpower
HPRegen 0.43/turn    i - ring of Pride {rElec rCorr AC+4}
MPRegen 0.20/turn

%: clarity, faith
@: heroic, marked, flying
A: sickness immunity, AC +15, big wings, negative energy resistance 1,
electricity resistance, torment resistance 1, petrification resistance, thin
skeletal structure 1, clarity, clever 1
}: 1/15 runes: gossamer
a: Renounce Religion, Heroism, Finesse


You were on level 4 of the Vaults.
You worshipped Okawaru.
Okawaru was greatly pleased with you.
You visited 7 branches of the dungeon, and saw 34 of its levels.
You also visited: Sewer.

You collected 3111 gold pieces.
You spent 2038 gold pieces at shops.


Innate Abilities, Weirdness & Mutations

You are immune to sickness and miasma.
Your stone body is resilient. (AC +15)
You are immune to poison.
Your large and strong wings let you fly.
You resist negative energy. (rN+)
You are resistant to electric shocks. (rElec)
You are resistant to unholy torment.
You are immune to petrification.
You have a somewhat thin skeletal structure. (Dex +2, Stealth+)
You possess an exceptional clarity of mind.
Your mind is acute. (Int +4, Str/Dex -1)


   Skills:
 - Level 19.0(24.0) Fighting
 - Level 18.0(23.0) Axes
 + Level 9.9(14.9) Throwing
 - Level 14.0(19.0) Armour
 - Level 9.0(14.0) Dodging
 - Level 16.5(21.5) Shields
 - Level 10.0 Invocations


You had 19 spell levels left.
You didn't know any spells.
Your spell library was empty.

Inventory:

Hand Weapons
 h - the +8 broad axe "Inuech" (weapon) {heavy, rN+}
   (Okawaru gifted it to you on level 13 of the Dungeon)

   rN:        It protects you from negative energy.
 F - a +2 broad axe of freezing
Missiles
 r - 4 boomerangs (quivered)
 E - a javelin
 I - a silver javelin
Armour
 k - a scarf of resistance
 q - the +3 chain mail of Hedge Wizardry (worn) {Str+4 Dex+4}
   (You bought it in a shop on level 2 of the Orcish Mines)

   Str:       It affects your strength (+4).
   Dex:       It affects your dexterity (+4).
 s - a +2 hat (worn)
 u - +0 fire dragon scales
 x - a +0 kite shield (worn)
 y - the +1 pair of boots "Qycif" (worn) {Str+3 Int+4}
   (You found it on level 4 of the Spider Nest)

   Str:       It affects your strength (+3).
   Int:       It affects your intelligence (+4).
 C - a +2 cloak of fire resistance (worn)
 G - a +2 pair of gloves of dexterity (worn)
Jewellery
 c - a ring of fire
 i - the ring of Pride (right hand) {rElec rCorr AC+4}
   (You bought it in a shop on level 1 of the Vaults)

   [ring of protection]

   AC:        It affects your AC (+4).
   rElec:     It insulates you from electricity.
   rCorr:     It protects you from acid and corrosion.
 l - the ring of the Heavens {rF+ Stlth+}
   (You acquired it on level 3 of the Lair of Beasts)

   [ring of protection from fire]

   rF:        It protects you from fire.
   Stlth:     It makes you more stealthy.
 n - an amulet of reflection
 p - an amulet of faith (around neck)
 A - a ring of ice
 D - a ring of protection from cold
 H - a ring of resist corrosion
 J - a ring of willpower (left hand)
Wands
 v - a wand of digging (36)
Scrolls
 f - 24 scrolls of identify
 t - 4 scrolls of enchant weapon
 B - a scroll of enchant armour
Potions
 a - 4 potions of lignification
 b - a potion of resistance
 d - 8 potions of might
 e - a potion of magic
 g - 7 potions of haste
 j - 4 potions of mutation
 m - 13 potions of curing
 o - 4 potions of attraction
 z - 2 potions of cancellation

Dungeon Overview and Level Annotations

Branches:
Dungeon (15/15)            Temple (1/1) D:6            Lair (5/5) D:10
  Swamp (3/4) Lair:3       Spider (4/4) Lair:2        Slime (0/5) Lair:4
    Orc (2/2) D:10            Elf (0/3) Orc:2        Vaults (4/5) D:13
  Crypt (0/3) Vaults:2     Depths (0/4) D:15          Sewer (visited)

Altars:
Ashenzari
Cheibriados
Dithmenos
Elyvilon
Fedhas
Gozag
Hepliaklqana
Kikubaaqudgha
Makhleb
Nemelex Xobeh
Okawaru
Qazlal
Ru
Sif Muna
Trog
Uskayaw
Vehumet
Wu Jian
Xom
Yredelemnul
Zin
The Shining One

Shops:
D:7 *   D:12 *!   D:14 =?*?   Orc:2 ([((*   Vaults:1 *[   Vaults:3 (

Annotations:
Swamp:3 2 transporters
Orc:2 3 runed translucent doors, qw's ghost, adept GrFi


Message History

You cut the orc knight into ribbons!!!
The orc knight is severely wounded.
You closely miss the orc knight. You cut the orc warlord into ribbons!!!
The orc knight barely misses you.
A yaktaur comes into view.
The orc warlord hits you with a +3 battleaxe of electrocution.
The orc knight closely misses you.
The orc knight hits you but does no damage.
You carve the orc knight like a ham!!!
You kill the orc knight!
Okawaru accepts your kill.
You slice the orc knight!!
You hit the orc warlord but do no damage.
You block the orc knight's attack. The orc warlord closely misses you.
You block the orc knight's attack.
The yaktaur shoots a bolt.
The bolt hits you but does no damage.
The yaktaur shoots a bolt.
You block the bolt.
You carve the orc warlord like a ham!!!
The orc warlord is severely wounded.
You slash the orc knight! You slice the yaktaur captain!!
The orc knight hits you with a +0 glaive!
The orc warlord hits you with a +3 battleaxe of electrocution!
You block the yaktaur captain's attack. The orc knight misses you.
The yaktaur shoots a bolt.
The bolt hits you but does no damage.
The yaktaur shoots a bolt.
The bolt hits you but does no damage.
40456 ||| DRINKING potion of heal wounds.
You feel much better.
The orc knight hits you with a +0 glaive.
The orc warlord hits you with a +3 battleaxe of electrocution!
The yaktaur captain hits you! The orc knight misses you.
The yaktaur shoots a bolt.
You block the bolt.
The yaktaur shoots a bolt.
You block the bolt.
You slice the orc warlord!!
The orc warlord is almost dead.
You closely miss the orc knight. You barely miss the yaktaur captain.
The orc knight no longer looks unusually strong.
You block the orc knight's attack. The orc warlord misses you.
The yaktaur captain closely misses you.
The orc knight hits you from afar with a +0 bardiche!!
You die...

.. . .##### .)...#
#....# #o...#
######### #oc..#
......?.# #@oo.#
#........# #.)..#
#........# #c...#
#........#####''c###
#........#......c..#
+........'.........#
#........#.........#
#........#.........#
#........#.........#


You could see an orc warlord (strong), a yaktaur captain, 3 orc knights and 3
yaktaurs.

Vanquished Creatures
  Bai Suzhen (Spider:3)
  Arachne (Spider:2)
  Jorgrun (Orc:2)
  2 tentacled monstrosities
  Rupert (Orc:2)
  A lich (Vaults:2)
  2 sphinxes
  Gastronok (D:11)
  Kirke (Spider:3)
  A fenstrider witch (Swamp:3)
  7 emperor scorpions
  3 vault wardens
  5 ghost moths (Spider:4)
  A curse skull (Vaults:2)
  A stone giant (Vaults:2)
  2 orc warlords
  9 ironbound preservers
  A formless jellyfish (Vaults:2)
  5 eleionomae
  4 ironbound thunderhulks
  6 spark wasps
  A spark wasp (shapeshifter) (D:13)
  2 bunyips
  2 eidola (Vaults:1)
  An ettin (Vaults:1)
  5 dire elephants
  A deep elf death mage (Vaults:2)
  A jiangshi (Vaults:2)
  5 entropy weavers
  Josephine (Swamp:1)
  5 great orbs of eyes
  Harold (D:11)
  7 vault guards
  4 yaktaur captains
  8 hydras
  An ogre mage (D:13)
  2 jorogumos
  2 ghost crabs (Swamp:3)
  9 ironbound frosthearts
  3 boulder beetles
  A catoblepas (Lair:5)
  3 centaur warriors
  2 death knights
  3 radroaches
  9 death yaks
  2 alligators (Swamp:2)
  4 two-headed ogres
  3 tengu warriors
  4 demonic crawlers
  4 orc high priests (Orc:2)
  3 skeletal warriors (D:14)
  A skyshark (Lair:5)
  A glowing orange brain (Vaults:2)
  6 pharaoh ants
  Amaemon (D:9)
  3 goliath frogs (Swamp:3)
  10 orb spiders
  A flayed ghost (Vaults:2)
  2 swamp dragons
  A bog body (Swamp:3)
  A deep elf archer (D:13)
  27 deep trolls
  8 ironbound convokers
  4 steelbarb worms
  An obsidian statue (D:10)
  A deep elf pyromancer (D:14)
  5 wizards
  10 lindwurms (Vaults:1)
  14 orc knights
  9 harpies
  5 orc sorcerers
  A phantasmal warrior (D:15)
  A salamander (D:15)
  7 manticores
  19 wolf spiders
  6 will-o-the-wisps
  37 ugly things
  A glowing shapeshifter (D:15)
  3 moths of wrath
  6 cyclopes
  15 elephants
  4 black mambas
  14 vault sentinels
  9 torpor snails
  11 cane toads
  A gargoyle (D:14)
  An orange demon (D:9)
  2 unseen horrors
  A rime drake (Lair:4)
  A rime drake (shapeshifter) (D:13)
  An efreet (D:14)
  2 freezing wraiths (D:15)
  5 yaktaurs (Vaults:1)
  A tengu conjurer (D:13)
  6 kobold demonologists
  11 komodo dragons
  7 trolls
  A troll (shapeshifter) (D:13)
  2 hydra zombies (Swamp:3)
  7 polar bears
  36 hornets
  29 tarantellas
  2 bloated husks
  7 tyrant leeches
  8 blink frogs
  Grinder (D:6)
  13 dream sheep
  27 slime creatures
  29 jumping spiders
  18 culicivoras
  A shadow (D:9)
  25 spriggans
  5 wraiths
  2 humans
  2 vampires
  56 yaks
  3 wyverns
  2 hogs (Spider:3)
  3 basilisks
  66 redbacks
  A steam dragon (D:8)
  Grum (D:10)
  6 vampire mosquitoes
  8 water moccasins
  12 swamp worms
  3 wargs
  2 acid dragons
  21 orc warriors
  7 black bears
  2 ice beasts (D:6)
  3 sky beasts
  3 ogres (Orc:2)
  6 boggarts
  11 centaurs
  45 wolves
  4 phantoms
  10 kobold brigands
  9 bullfrogs
  4 gnoll sergeants
  2 scorpions
  11 wights
  2 vampire bats (Lair:5)
  4 killer bees
  2 electric eels
  5 howler monkeys
  4 hounds
  11 orc priests
  3 jellies
  2 gnoll boudas
  22 orc wizards
  A sleepcap (D:4)
  2 iguanas (D:6)
  5 adders
  24 gnolls
  2 shadow imps
  2 white imps
  An ufetubus (D:6)
  3 worms (D:3)
  3 dart slugs (D:1)
  41 orcs
  11 ball pythons
  11 endoplasms
  4 giant cockroaches
  5 goblins
  5 hobgoblins
  8 jackals
  26 kobolds
  4 quokkas
  17 bats
  7 frilled lizards
  5 rats
1197 creatures vanquished.

Vanquished Creatures (others)
  A wizard (Vaults:1)
  A spriggan (Swamp:3)
  22 foxfires
24 creatures vanquished.

Grand Total: 1221 creatures vanquished

Notes
Turn   | Place    | Note
-------+----------+-------------------------------------------
     0 | D:1      | qw the Gargoyle Fighter began the quest for the Orb.
     0 | D:1      | Reached XP level 1. HP: 14/14 MP: 1/1
     0 | D:1      | 0 ||| qw: Version: 0.2-a-29-gc1b59c4
     0 | D:1      | 0 ||| qw: Game counter: 4171
     0 | D:1      | 0 ||| qw: Always use a shield: true
     0 | D:1      | 0 ||| qw: God list: Okawaru
     0 | D:1      | 0 ||| qw: Allow faded altars: false
     0 | D:1      | 0 ||| qw: Do Orc after D:15 true
     0 | D:1      | 0 ||| qw: Do second Lair branch before Depths: true
     0 | D:1      | 0 ||| qw: Lair rune preference: random
     0 | D:1      | 0 ||| qw: Plans: Normal, Zot:1-4, Slime:5, God:TSO, Crypt,
                  | Tomb, Abyss, Pan, Hells, Win
     0 | D:1      | 0 ||| PLANNING D:1-11
   156 | D:1      | 156 ||| Stepping ~*~*~tactically~*~*~ (stealth).
   163 | D:1      | Reached XP level 2. HP: 17/19 MP: 2/2
   282 | D:1      | 282 ||| Stepping ~*~*~tactically~*~*~ (hiding).
   288 | D:1      | Reached skill level 3 in Axes
   292 | D:1      | Reached XP level 3. HP: 23/23 MP: 3/3
   625 | D:1      | 625 ||| READING scroll labelled JUOTWA EQU.
   628 | D:1      | 628 ||| READING scroll labelled BUSTEBR NELEOSM.
   629 | D:1      | 629 ||| READING scroll labelled BUINUO ZALO.
   630 | D:1      | 630 ||| READING scroll labelled JUIXZU QILL.
   631 | D:1      | 631 ||| READING scroll labelled CUIZ SIAFOL.
   632 | D:1      | 632 ||| DRINKING 2 silvery potions.
   952 | D:2      | 952 ||| Stepping ~*~*~tactically~*~*~ (hiding).
   953 | D:2      | 953 ||| Stepping ~*~*~tactically~*~*~ (hiding).
   954 | D:2      | 954 ||| Stepping ~*~*~tactically~*~*~ (hiding).
   955 | D:2      | 955 ||| Stepping ~*~*~tactically~*~*~ (hiding).
   956 | D:2      | 956 ||| Stepping ~*~*~tactically~*~*~ (hiding).
  1336 | D:2      | 1336 ||| UPGRADING to +0 chain mail.
  1346 | D:2      | 1346 ||| DROPPING +0 scale mail.
  1347 | D:2      | 1347 ||| READING scroll labelled QEICVAFAMU.
  1367 | D:3      | 1367 ||| PLANNING SEWER
  1504 | D:3      | 1504 ||| Stepping ~*~*~tactically~*~*~ (stealth).
  1505 | D:3      | 1505 ||| Stepping ~*~*~tactically~*~*~ (hiding).
  1510 | D:3      | Reached XP level 4. HP: 28/28 MP: 4/4
  1525 | D:3      | 1525 ||| DROPPING +0 mace.
  1635 | D:3      | 1635 ||| Stepping ~*~*~tactically~*~*~ (stealth).
  1645 | D:3      | 1645 ||| Stepping ~*~*~tactically~*~*~ (stealth).
  1731 | D:3      | 1731 ||| Stepping ~*~*~tactically~*~*~ (stealth).
  1930 | D:3      | Reached XP level 5. HP: 32/32 MP: 5/5
  1939 | D:3      | Found a glowing drain.
  1974 | D:3      | 1974 ||| DRINKING 2 fuming puce potions.
  1979 | D:3      | 1979 ||| DROPPING potion of ambrosia.
  1985 | Sewer    | Entered a sewer
  2008 | Sewer    | Noticed a kobold brigand
  2008 | Sewer    | Noticed a kobold brigand
  2015 | Sewer    | Killed a kobold brigand
  2019 | Sewer    | HP: 8/32 [kobold brigand/+0 club (2)]
  2020 | Sewer    | 2020 ||| DRINKING potion of heal wounds.
  2023 | Sewer    | Killed a kobold brigand
  2024 | Sewer    | Reached skill level 4 in Fighting
  2024 | Sewer    | Reached XP level 6. HP: 36/38 MP: 6/6
  2267 | Sewer    | Reached skill level 6 in Axes
  2299 | Sewer    | 2299 ||| READING scroll labelled FOFYGH CIAQ.
  2400 | Sewer    | 2400 ||| DRINKING 2 grey potions.
  2401 | Sewer    | 2401 ||| DRINKING 2 cyan potions.
  2401 | Sewer    | Gained mutation: You possess an exceptional clarity of
                  | mind. [potion of mutation]
  2401 | Sewer    | Gained mutation: You have a somewhat thin skeletal
                  | structure. (Dex +2, Stealth+) [potion of mutation]
  2401 | Sewer    | Gained mutation: Your mind is acute. (Int +4, Str/Dex -1)
                  | [potion of mutation]
  2402 | Sewer    | 2402 ||| DRINKING 2 red potions.
  2403 | Sewer    | 2403 ||| DROPPING potion of invisibility.
  2418 | D:3      | 2418 ||| PLANNING D:1-11
  2559 | D:3      | Reached XP level 7. HP: 43/43 MP: 7/7
  2964 | D:4      | Reached skill level 1 in Dodging
  3368 | D:4      | 3368 ||| UPGRADING to amulet of reflection.
  3373 | D:4      | 3373 ||| READING scroll labelled QOFUPHUKAI.
  3374 | D:4      | 3374 ||| DRINKING 2 metallic clear potions.
  3375 | D:4      | 3375 ||| DRINKING 2 orange potions.
  3376 | D:4      | 3376 ||| DROPPING potion of enlightenment.
  3403 | D:5      | Entered Level 5 of the Dungeon
  3644 | D:5      | 3644 ||| Stepping ~*~*~tactically~*~*~ (stealth).
  3667 | D:5      | Reached skill level 5 in Fighting
  3744 | D:5      | 3744 ||| Stepping ~*~*~tactically~*~*~ (water).
  3749 | D:5      | 3749 ||| FLEEEEING.
  3761 | D:5      | Reached skill level 1 in Throwing
  3764 | D:5      | Reached XP level 8. HP: 26/49 MP: 8/8
  3848 | D:5      | 3848 ||| DROPPING +0 flail.
  3964 | D:5      | 3964 ||| Stepping ~*~*~tactically~*~*~ (water).
  4016 | D:5      | 4016 ||| Stepping ~*~*~tactically~*~*~ (stealth).
  4278 | D:5      | 4278 ||| UPGRADING to +0 plate armour.
  4288 | D:5      | 4288 ||| DROPPING +0 chain mail.
  4289 | D:5      | 4289 ||| UPGRADING to +1 hat.
  4294 | D:5      | 4294 ||| READING scroll of enchant armour.
  4294 | D:5      | 4294 ||| ENCHANTING +1 hat.
  4295 | D:5      | 4295 ||| DROPPING ring of magical power.
  4296 | D:5      | 4296 ||| UPGRADING to ring of willpower.
  4297 | D:5      | 4297 ||| READING scroll labelled WEZ QOXZIRUW.
  4332 | D:5      | 4332 ||| READING scroll labelled OKLEUM AREI.
  4333 | D:5      | 4333 ||| READING scroll labelled WAWKENW TITEE.
  4657 | D:6      | Reached skill level 6 in Fighting
  4708 | D:6      | Found a staircase to the Ecumenical Temple.
  4709 | D:6      | 4709 ||| PLANNING TEMPLE
  4709 | D:6      | 4709 ||| UPGRADING to +0 cloak.
  4714 | D:6      | 4714 ||| UPGRADING to +0 pair of gloves.
  4719 | D:6      | 4719 ||| DRINKING 2 fuming silvery potions.
  4823 | D:6      | 4823 ||| DROPPING potion of berserk rage.
  4829 | Temple   | Entered the Ecumenical Temple
  5124 | Temple   | 5124 ||| PLANNING D:1-11
  5158 | D:6      | Noticed Grinder
  5172 | D:6      | Killed Grinder
  5173 | D:6      | Reached skill level 3 in Throwing
  5173 | D:6      | Reached XP level 9. HP: 42/55 MP: 9/9
  5782 | D:7      | Reached skill level 9 in Axes
  5952 | D:7      | 5952 ||| Stepping ~*~*~tactically~*~*~ (stealth).
  5966 | D:7      | Noticed a hornet
  5967 | D:7      | 5967 ||| Stepping ~*~*~tactically~*~*~ (stealth).
  5986 | D:7      | Killed a hornet
  5987 | D:7      | Reached skill level 6 in Armour
  5988 | D:7      | HP: 9/55 [gnoll/+0 spear[a gnoll sergeant] (5)]
  5989 | D:7      | 5989 ||| READING 4 scrolls of teleportation.
  5994 | D:7      | 5994 ||| READING 3 scrolls of teleportation.
  5996 | D:7      | HP: 9/55 [gnoll sergeant/+0 spear (3)]
  6328 | D:7      | 6328 ||| Stepping ~*~*~tactically~*~*~ (hiding).
  6331 | D:7      | Found Diruxime's Overcharged Wands.
  6401 | D:7      | 6401 ||| Stepping ~*~*~tactically~*~*~ (hiding).
  6414 | D:7      | Reached skill level 7 in Fighting
  6554 | D:7      | 6554 ||| READING scroll of enchant armour.
  6554 | D:7      | 6554 ||| ENCHANTING +0 pair of gloves.
  6678 | D:7      | 6678 ||| UPGRADING to +0 kite shield.
  6688 | D:7      | 6688 ||| DROPPING +0 buckler.
  6689 | D:7      | 6689 ||| UPGRADING to ring of willpower.
  6690 | D:7      | 6690 ||| READING 2 scrolls labelled NENUON VEKUILI.
  6691 | D:7      | 6691 ||| READING scroll labelled EWIEVO ECIN.
  6692 | D:7      | 6692 ||| READING scroll labelled VAIXIUCW WEPT.
  6693 | D:7      | 6693 ||| DRINKING 2 fuming yellow potions.
  6694 | D:7      | 6694 ||| DROPPING scroll of fog.
  6710 | D:8      | 6710 ||| STAIRDANCE
  6798 | D:8      | Found a blossoming altar of Fedhas.
  6864 | D:8      | Found a broken altar of Ashenzari.
  6865 | D:8      | Found an iron altar of Okawaru.
  6866 | D:8      | 6866 ||| PLANNING OKAWARU WORSHIP
  6866 | D:8      | Found a hide-covered altar of Uskayaw.
  6873 | D:8      | Became a worshipper of Warmaster Okawaru
  6873 | D:8      | 6873 ||| PLANNING D:1-11
  6905 | D:8      | 6905 ||| Stepping ~*~*~tactically~*~*~ (cloud).
  6917 | D:8      | 6917 ||| FLEEEEING.
  6918 | D:8      | 6918 ||| FLEEEEING.
  6919 | D:8      | 6919 ||| FLEEEEING.
  6920 | D:8      | 6920 ||| FLEEEEING.
  6933 | D:8      | Reached skill level 6 in Shields
  6933 | D:8      | Reached XP level 10. HP: 43/63 MP: 10/10
  7070 | D:8      | 7070 ||| Stepping ~*~*~tactically~*~*~ (hiding).
  7234 | D:8      | 7234 ||| Stepping ~*~*~tactically~*~*~ (hiding).
  7249 | D:8      | 7249 ||| Stepping ~*~*~tactically~*~*~ (stealth).
  7299 | D:8      | Reached * piety under Okawaru
  7651 | D:8      | 7651 ||| DROPPING +6 ring of intelligence.
  7652 | D:8      | 7652 ||| DRINKING 2 fizzy pink potions.
  7681 | D:8      | 7681 ||| DRINKING 2 pink potions.
  7742 | D:9      | Reached skill level 1 in Invocations
  7783 | D:9      | Noticed a green ugly thing
  7796 | D:9      | 7796 ||| INVOKING Heroism.
  7807 | D:9      | Reached skill level 3 in Invocations
  7807 | D:9      | Killed a green ugly thing
  7814 | D:9      | Reached skill level 9 in Shields
  7814 | D:9      | 7814 ||| INVOKING Heroism.
  7818 | D:9      | 7818 ||| Stepping ~*~*~tactically~*~*~ (stealth).
  7836 | D:9      | Reached ** piety under Okawaru
  7856 | D:9      | 7856 ||| FLEEEEING.
  7857 | D:9      | 7857 ||| FLEEEEING.
  7858 | D:9      | 7858 ||| FLEEEEING.
  7859 | D:9      | 7859 ||| FLEEEEING.
  7860 | D:9      | 7860 ||| FLEEEEING.
  7861 | D:9      | 7861 ||| FLEEEEING.
  7862 | D:9      | 7862 ||| FLEEEEING.
  7863 | D:9      | 7863 ||| FLEEEEING.
  7864 | D:9      | 7864 ||| FLEEEEING.
  7865 | D:9      | 7865 ||| FLEEEEING.
  7866 | D:9      | 7866 ||| FLEEEEING.
  7867 | D:9      | 7867 ||| FLEEEEING.
  7868 | D:9      | 7868 ||| FLEEEEING.
  7869 | D:9      | 7869 ||| FLEEEEING.
  7872 | D:9      | 7872 ||| FLEEEEING.
  7873 | D:9      | 7873 ||| FLEEEEING.
  7874 | D:9      | 7874 ||| STAIRDANCE
  7983 | D:8      | 7983 ||| READING 3 scrolls of identify.
  7983 | D:8      | 7983 ||| IDENTIFYING puce potion
  8048 | D:9      | Noticed an orange demon
  8050 | D:9      | 8050 ||| Stepping ~*~*~tactically~*~*~ (hiding).
  8062 | D:9      | Killed an orange demon
  8173 | D:9      | Noticed Amaemon
  8174 | D:9      | 8174 ||| Stepping ~*~*~tactically~*~*~ (hiding).
  8177 | D:9      | 8177 ||| INVOKING Heroism.
  8199 | D:9      | 8199 ||| INVOKING Heroism.
  8207 | D:9      | Killed Amaemon
  8208 | D:9      | Reached XP level 11. HP: 55/67 MP: 12/14
  8371 | D:9      | 8371 ||| READING 3 scrolls of teleportation.
  8372 | D:9      | 8372 ||| INVOKING Heroism.
  8864 | D:9      | 8864 ||| DROPPING +2 flail of holy wrath.
  8985 | D:9      | 8985 ||| READING 2 scrolls of identify.
  8985 | D:9      | 8985 ||| IDENTIFYING glowing dark potion
  8986 | D:9      | 8986 ||| DROPPING potion of degeneration.
  8995 | D:10     | Entered Level 10 of the Dungeon
  9000 | D:10     | Reached skill level 8 in Fighting
  9007 | D:10     | 9007 ||| STAIRDANCE
  9015 | D:9      | 9015 ||| INVOKING Heroism.
  9094 | D:10     | 9094 ||| Stepping ~*~*~tactically~*~*~ (stealth).
  9095 | D:10     | 9095 ||| Stepping ~*~*~tactically~*~*~ (stealth).
  9122 | D:10     | 9122 ||| Stepping ~*~*~tactically~*~*~ (stealth).
  9129 | D:10     | 9129 ||| Stepping ~*~*~tactically~*~*~ (stealth).
  9130 | D:10     | 9130 ||| Stepping ~*~*~tactically~*~*~ (stealth).
  9134 | D:10     | 9134 ||| Stepping ~*~*~tactically~*~*~ (hiding).
  9135 | D:10     | 9135 ||| Stepping ~*~*~tactically~*~*~ (hiding).
  9139 | D:10     | 9139 ||| Stepping ~*~*~tactically~*~*~ (stealth).
  9140 | D:10     | 9140 ||| Stepping ~*~*~tactically~*~*~ (stealth).
  9237 | D:10     | 9237 ||| Stepping ~*~*~tactically~*~*~ (stealth).
  9239 | D:10     | Noticed a death yak
  9240 | D:10     | 9240 ||| INVOKING Heroism.
  9247 | D:10     | Noticed a death yak
  9247 | D:10     | Noticed a death yak
  9255 | D:10     | 9255 ||| INVOKING Heroism.
  9266 | D:10     | Killed a death yak
  9273 | D:10     | 9273 ||| INVOKING Heroism.
  9275 | D:10     | Killed a death yak
  9281 | D:10     | Reached *** piety under Okawaru
  9291 | D:10     | Killed a death yak
  9456 | D:10     | Found a staircase to the Lair.
  9514 | D:10     | Found a staircase to the Orcish Mines.
  9560 | D:10     | 9560 ||| INVOKING Heroism.
  9580 | D:10     | 9580 ||| Stepping ~*~*~tactically~*~*~ (stealth).
  9583 | D:10     | 9583 ||| Stepping ~*~*~tactically~*~*~ (stealth).
  9584 | D:10     | 9584 ||| Stepping ~*~*~tactically~*~*~ (stealth).
  9596 | D:10     | Noticed Grum
  9597 | D:10     | 9597 ||| Stepping ~*~*~tactically~*~*~ (hiding).
  9599 | D:10     | 9599 ||| Stepping ~*~*~tactically~*~*~ (hiding).
  9600 | D:10     | 9600 ||| Stepping ~*~*~tactically~*~*~ (hiding).
  9601 | D:10     | 9601 ||| Stepping ~*~*~tactically~*~*~ (hiding).
  9605 | D:10     | 9605 ||| INVOKING Heroism.
  9616 | D:10     | Killed Grum
 10068 | D:10     | 10068 ||| PLANNING LAIR
 10068 | D:10     | 10068 ||| DROPPING amulet of the acrobat.
 10086 | Lair:1   | Entered Level 1 of the Lair of Beasts
 10114 | Lair:1   | 10114 ||| INVOKING Heroism.
 10239 | Lair:1   | Reached **** piety under Okawaru
 10241 | Lair:1   | Reached skill level 9 in Fighting
 10244 | Lair:1   | 10244 ||| INVOKING Heroism.
 10382 | Lair:1   | 10382 ||| INVOKING Heroism.
 10470 | Lair:1   | 10470 ||| Stepping ~*~*~tactically~*~*~ (stealth).
 10507 | Lair:1   | 10507 ||| INVOKING Heroism.
 10517 | Lair:1   | Reached XP level 12. HP: 55/76 MP: 13/15
 10804 | Lair:1   | Reached skill level 6 in Invocations
 10956 | Lair:1   | 10956 ||| INVOKING Heroism.
 10969 | Lair:1   | Received a gift from Okawaru
 11054 | Lair:1   | 11054 ||| INVOKING Heroism.
 11252 | Lair:2   | 11252 ||| INVOKING Heroism.
 11390 | Lair:2   | 11390 ||| Stepping ~*~*~tactically~*~*~ (stealth).
 11392 | Lair:2   | 11392 ||| Stepping ~*~*~tactically~*~*~ (stealth).
 11393 | Lair:2   | 11393 ||| INVOKING Heroism.
 11549 | Lair:2   | Found a hole to the Spider Nest.
 11550 | Lair:2   | 11550 ||| SWAPPING to +0 broad axe.
 11551 | Lair:2   | 11551 ||| DROPPING +1 war axe.
 11663 | Lair:2   | 11663 ||| INVOKING Heroism.
 11667 | Lair:2   | 11667 ||| Stepping ~*~*~tactically~*~*~ (stealth).
 11669 | Lair:2   | 11669 ||| Stepping ~*~*~tactically~*~*~ (stealth).
 11853 | Lair:2   | 11853 ||| READING scroll of enchant armour.
 11853 | Lair:2   | 11853 ||| ENCHANTING +1 pair of gloves.
 11996 | Lair:2   | 11996 ||| INVOKING Heroism.
 12006 | Lair:2   | Reached skill level 12 in Axes
 12589 | Lair:3   | 12589 ||| STAIRDANCE
 12592 | Lair:2   | 12592 ||| INVOKING Heroism.
 12759 | Lair:3   | Reached ***** piety under Okawaru
 12761 | Lair:3   | Noticed a six-headed hydra
 12762 | Lair:3   | 12762 ||| INVOKING Heroism.
 12763 | Lair:3   | 12763 ||| INVOKING Finesse.
 12772 | Lair:3   | 12772 ||| SWAPPING to +1 demon whip of venom.
 12776 | Lair:3   | Reached skill level 9 in Invocations
 12783 | Lair:3   | Killed a six-headed hydra
 12784 | Lair:3   | 12784 ||| SWAPPING to +0 broad axe.
 12923 | Lair:3   | Found a staircase to the Swamp.
 12925 | Lair:3   | 12925 ||| INVOKING Heroism.
 12976 | Lair:3   | Reached skill level 9 in Armour
 12978 | Lair:3   | Reached XP level 13. HP: 58/80 MP: 20/20
 13101 | Lair:3   | 13101 ||| INVOKING Heroism.
 13102 | Lair:3   | 13102 ||| INVOKING Finesse.
 13108 | Lair:3   | 13108 ||| SWAPPING to +1 demon whip of venom.
 13117 | Lair:3   | 13117 ||| SWAPPING to +0 broad axe.
 13214 | Lair:3   | 13214 ||| INVOKING Heroism.
 13215 | Lair:3   | 13215 ||| SWAPPING to +1 demon whip of venom.
 13225 | Lair:3   | 13225 ||| SWAPPING to +0 broad axe.
 13466 | Lair:3   | Reached skill level 10 in Fighting
 13742 | Lair:3   | 13742 ||| READING scroll labelled QOACYE NYUTIBA.
 13742 | Lair:3   | Identified a scroll of acquirement
 13742 | Lair:3   | 13742 ||| ACQUIRING ring of the Heavens {rF+ Stlth+}
 13742 | Lair:3   | Acquired the ring of the Heavens {rF+ Stlth+}
 13744 | Lair:3   | 13744 ||| UPGRADING to ring of the Heavens {rF+ Stlth+}.
 13802 | Lair:4   | 13802 ||| STAIRDANCE
 13863 | Lair:4   | 13863 ||| Stepping ~*~*~tactically~*~*~ (stealth).
 13874 | Lair:4   | 13874 ||| Stepping ~*~*~tactically~*~*~ (stealth).
 13893 | Lair:4   | 13893 ||| INVOKING Heroism.
 14001 | Lair:4   | 14001 ||| Stepping ~*~*~tactically~*~*~ (stealth).
 14004 | Lair:4   | 14004 ||| Stepping ~*~*~tactically~*~*~ (stealth).
 14027 | Lair:4   | 14027 ||| INVOKING Heroism.
 14099 | Lair:4   | 14099 ||| FLEEEEING.
 14100 | Lair:4   | 14100 ||| FLEEEEING.
 14101 | Lair:4   | 14101 ||| FLEEEEING.
 14102 | Lair:4   | 14102 ||| FLEEEEING.
 14103 | Lair:4   | 14103 ||| FLEEEEING.
 14104 | Lair:4   | 14104 ||| FLEEEEING.
 14105 | Lair:4   | 14105 ||| FLEEEEING.
 14106 | Lair:4   | 14106 ||| FLEEEEING.
 14107 | Lair:4   | 14107 ||| FLEEEEING.
 14108 | Lair:4   | 14108 ||| STAIRDANCE
 14189 | Lair:4   | Received a gift from Okawaru
 14365 | Lair:4   | 14365 ||| Stepping ~*~*~tactically~*~*~ (stealth).
 14368 | Lair:4   | 14368 ||| INVOKING Heroism.
 14383 | Lair:4   | 14383 ||| Stepping ~*~*~tactically~*~*~ (hiding).
 14384 | Lair:4   | 14384 ||| Stepping ~*~*~tactically~*~*~ (hiding).
 14385 | Lair:4   | 14385 ||| Stepping ~*~*~tactically~*~*~ (hiding).
 14551 | Lair:4   | Found a staircase to the Slime Pits.
 14819 | Lair:5   | Entered Level 5 of the Lair of Beasts
 14850 | Lair:5   | Received a gift from Okawaru
 14873 | Lair:5   | 14873 ||| INVOKING Heroism.
 15128 | Lair:5   | Received a gift from Okawaru
 15362 | Lair:5   | 15362 ||| INVOKING Heroism.
 15416 | Lair:5   | Received a gift from Okawaru
 15418 | Lair:5   | 15418 ||| INVOKING Heroism.
 15420 | Lair:5   | 15420 ||| Stepping ~*~*~tactically~*~*~ (stealth).
 15425 | Lair:5   | 15425 ||| Stepping ~*~*~tactically~*~*~ (stealth).
 15427 | Lair:5   | 15427 ||| Stepping ~*~*~tactically~*~*~ (stealth).
 15428 | Lair:5   | 15428 ||| Stepping ~*~*~tactically~*~*~ (stealth).
 15429 | Lair:5   | 15429 ||| Stepping ~*~*~tactically~*~*~ (stealth).
 15431 | Lair:5   | 15431 ||| Stepping ~*~*~tactically~*~*~ (stealth).
 15435 | Lair:5   | 15435 ||| INVOKING Finesse.
 15467 | Lair:5   | 15467 ||| Stepping ~*~*~tactically~*~*~ (stealth).
 15477 | Lair:5   | Received a gift from Okawaru
 15478 | Lair:5   | Gained mutation: Your large and strong wings let you fly.
                  | [Gargoyle growth]
 15478 | Lair:5   | Reached XP level 14. HP: 88/88 MP: 18/21
 15494 | Lair:5   | Reached skill level 11 in Fighting
 15592 | Lair:5   | 15592 ||| Stepping ~*~*~tactically~*~*~ (stealth).
 15593 | Lair:5   | 15593 ||| Stepping ~*~*~tactically~*~*~ (stealth).
 15637 | Lair:5   | 15637 ||| Stepping ~*~*~tactically~*~*~ (hiding).
 15640 | Lair:5   | 15640 ||| INVOKING Heroism.
 15641 | Lair:5   | 15641 ||| INVOKING Finesse.
 15695 | Lair:5   | 15695 ||| Stepping ~*~*~tactically~*~*~ (stealth).
 15696 | Lair:5   | 15696 ||| INVOKING Heroism.
 15698 | Lair:5   | 15698 ||| INVOKING Finesse.
 15767 | Lair:5   | 15767 ||| FLEEEEING.
 15768 | Lair:5   | 15768 ||| FLEEEEING.
 15769 | Lair:5   | 15769 ||| FLEEEEING.
 15770 | Lair:5   | 15770 ||| FLEEEEING.
 15771 | Lair:5   | 15771 ||| FLEEEEING.
 15772 | Lair:5   | 15772 ||| FLEEEEING.
 15773 | Lair:5   | 15773 ||| FLEEEEING.
 15774 | Lair:5   | 15774 ||| FLEEEEING.
 15775 | Lair:5   | 15775 ||| FLEEEEING.
 15776 | Lair:5   | 15776 ||| FLEEEEING.
 15779 | Lair:5   | 15779 ||| INVOKING Heroism.
 15786 | Lair:5   | Received a gift from Okawaru
 15826 | Lair:5   | 15826 ||| Stepping ~*~*~tactically~*~*~ (stealth).
 15942 | Lair:5   | 15942 ||| Stepping ~*~*~tactically~*~*~ (stealth).
 15976 | Lair:5   | Reached skill level 12 in Shields
 15994 | Lair:5   | 15994 ||| INVOKING Heroism.
 16062 | Lair:5   | 16062 ||| Stepping ~*~*~tactically~*~*~ (stealth).
 16079 | Lair:5   | 16079 ||| INVOKING Heroism.
 16082 | Lair:5   | 16082 ||| INVOKING Finesse.
 16150 | Lair:5   | 16150 ||| Stepping ~*~*~tactically~*~*~ (stealth).
 16151 | Lair:5   | 16151 ||| Stepping ~*~*~tactically~*~*~ (stealth).
 16152 | Lair:5   | 16152 ||| Stepping ~*~*~tactically~*~*~ (stealth).
 16154 | Lair:5   | 16154 ||| Stepping ~*~*~tactically~*~*~ (stealth).
 16161 | Lair:5   | 16161 ||| INVOKING Heroism.
 16263 | Lair:5   | 16263 ||| Stepping ~*~*~tactically~*~*~ (stealth).
 16335 | Lair:5   | 16335 ||| INVOKING Heroism.
 16338 | Lair:5   | Received a gift from Okawaru
 16342 | Lair:5   | 16342 ||| Stepping ~*~*~tactically~*~*~ (stealth).
 16346 | Lair:5   | 16346 ||| Stepping ~*~*~tactically~*~*~ (stealth).
 16377 | Lair:5   | 16377 ||| Stepping ~*~*~tactically~*~*~ (stealth).
 16381 | Lair:5   | 16381 ||| Stepping ~*~*~tactically~*~*~ (stealth).
 16383 | Lair:5   | 16383 ||| Stepping ~*~*~tactically~*~*~ (stealth).
 16389 | Lair:5   | 16389 ||| Stepping ~*~*~tactically~*~*~ (stealth).
 16390 | Lair:5   | 16390 ||| Stepping ~*~*~tactically~*~*~ (stealth).
 16449 | Lair:5   | 16449 ||| INVOKING Heroism.
 16467 | Lair:5   | 16467 ||| Stepping ~*~*~tactically~*~*~ (stealth).
 16825 | Lair:5   | 16825 ||| PLANNING D:1-11
 16928 | D:11     | 16928 ||| Stepping ~*~*~tactically~*~*~ (hiding).
 16930 | D:11     | 16930 ||| Stepping ~*~*~tactically~*~*~ (hiding).
 16965 | D:11     | 16965 ||| Stepping ~*~*~tactically~*~*~ (hiding).
 17069 | D:11     | Reached skill level 15 in Axes
 17133 | D:11     | 17133 ||| Stepping ~*~*~tactically~*~*~ (stealth).
 17376 | D:11     | 17376 ||| Stepping ~*~*~tactically~*~*~ (hiding).
 17377 | D:11     | 17377 ||| Stepping ~*~*~tactically~*~*~ (hiding).
 17388 | D:11     | 17388 ||| Stepping ~*~*~tactically~*~*~ (stealth).
 17392 | D:11     | 17392 ||| Stepping ~*~*~tactically~*~*~ (hiding).
 17393 | D:11     | 17393 ||| Stepping ~*~*~tactically~*~*~ (hiding).
 17420 | D:11     | 17420 ||| FLEEEEING.
 17421 | D:11     | 17421 ||| FLEEEEING.
 17425 | D:11     | 17425 ||| FLEEEEING.
 17725 | D:11     | Noticed Harold
 17727 | D:11     | Noticed Gastronok
 17732 | D:11     | 17732 ||| INVOKING Heroism.
 17741 | D:11     | Killed Harold
 17746 | D:11     | Killed Gastronok
 17929 | D:11     | 17929 ||| Stepping ~*~*~tactically~*~*~ (hiding).
 17940 | D:11     | 17940 ||| INVOKING Heroism.
 18066 | D:11     | 18066 ||| PLANNING D
 18066 | D:11     | 18066 ||| READING scroll labelled YNIDUC OHYE.
 18129 | D:12     | 18129 ||| Stepping ~*~*~tactically~*~*~ (stealth).
 18152 | D:12     | Reached skill level 12 in Fighting
 18253 | D:12     | 18253 ||| Stepping ~*~*~tactically~*~*~ (hiding).
 18273 | D:12     | Found Lisyv's Fire Supplies.
 18283 | D:12     | 18283 ||| BUYING +0 fire dragon scales (720 gold).
 18283 | D:12     | Bought +0 fire dragon scales for 720 gold pieces
 18283 | D:12     | 18283 ||| BUYING +2 cloak of fire resistance (258 gold).
 18283 | D:12     | Bought a +2 cloak of fire resistance for 258 gold pieces
 18283 | D:12     | 18283 ||| SHOPLISTING ring of fire (300 gold, have 114).
 18283 | D:12     | 18283 ||| SHOPLISTING ring of protection from fire (300
                  | gold, have 114).
 18336 | D:12     | Found Umewifump's Distillery.
 18344 | D:12     | 18344 ||| SHOPLISTING potion of cancellation (128 gold,
                  | have 123).
 18344 | D:12     | 18344 ||| SHOPLISTING potion of haste (160 gold, have 123).
 18344 | D:12     | 18344 ||| BUYING potion of lignification (48 gold).
 18344 | D:12     | Bought a potion of lignification for 48 gold pieces
 18344 | D:12     | 18344 ||| SHOPLISTING potion of mutation (128 gold, have
                  | 75).
 18406 | D:12     | 18406 ||| INVOKING Heroism.
 18410 | D:12     | 18410 ||| READING 6 scrolls of teleportation.
 18853 | D:12     | Received a gift from Okawaru
 18959 | D:12     | Found a shimmering blue altar of Sif Muna.
 18970 | D:12     | Reached skill level 3 in Dodging
 19083 | D:12     | 19083 ||| Stepping ~*~*~tactically~*~*~ (hiding).
 19096 | D:12     | 19096 ||| Stepping ~*~*~tactically~*~*~ (stealth).
 19100 | D:12     | 19100 ||| Stepping ~*~*~tactically~*~*~ (stealth).
 19101 | D:12     | 19101 ||| Stepping ~*~*~tactically~*~*~ (stealth).
 19280 | D:12     | 19280 ||| Stepping ~*~*~tactically~*~*~ (stealth).
 19282 | D:12     | 19282 ||| Stepping ~*~*~tactically~*~*~ (stealth).
 19283 | D:12     | 19283 ||| Stepping ~*~*~tactically~*~*~ (stealth).
 19284 | D:12     | 19284 ||| Stepping ~*~*~tactically~*~*~ (stealth).
 19293 | D:12     | Reached XP level 15. HP: 96/96 MP: 22/22
 19399 | D:12     | 19399 ||| UPGRADING to +2 cloak of fire resistance.
 19409 | D:12     | 19409 ||| DROPPING +0 cloak.
 19410 | D:12     | 19410 ||| DROPPING ring of ice.
 19411 | D:12     | 19411 ||| UPGRADING to ring of willpower.
 19413 | D:12     | 19413 ||| UPGRADING to ring of protection from cold.
 19446 | D:13     | 19446 ||| FLEEEEING.
 19447 | D:13     | 19447 ||| FLEEEEING.
 19450 | D:13     | 19450 ||| STAIRDANCE
 19561 | D:13     | 19561 ||| STAIRDANCE
 19654 | D:13     | Identified the +8 broad axe "Inuech" {heavy, rN+} (Okawaru
                  | gifted it to you on level 13 of the Dungeon)
 19654 | D:13     | Received a gift from Okawaru
 19695 | D:13     | 19695 ||| SWAPPING to +8 broad axe "Inuech" {heavy, rN+}.
 19743 | D:13     | 19743 ||| Stepping ~*~*~tactically~*~*~ (hiding).
 19745 | D:13     | 19745 ||| Stepping ~*~*~tactically~*~*~ (hiding).
 19984 | D:13     | 19984 ||| Stepping ~*~*~tactically~*~*~ (stealth).
 19987 | D:13     | 19987 ||| INVOKING Heroism.
 20034 | D:13     | Found a frozen archway.
 20123 | D:13     | 20123 ||| Stepping ~*~*~tactically~*~*~ (stealth).
 20245 | D:13     | 20245 ||| Stepping ~*~*~tactically~*~*~ (hiding).
 20246 | D:13     | 20246 ||| Stepping ~*~*~tactically~*~*~ (hiding).
 20299 | D:13     | 20299 ||| INVOKING Heroism.
 20300 | D:13     | 20300 ||| INVOKING Finesse.
 20306 | D:13     | 20306 ||| SWAPPING to +1 demon whip of venom.
 20310 | D:13     | 20310 ||| SWAPPING to +8 broad axe "Inuech" {heavy, rN+}.
 20441 | D:13     | 20441 ||| INVOKING Heroism.
 20463 | D:13     | Found a gate to the Vaults.
 20508 | D:13     | 20508 ||| Stepping ~*~*~tactically~*~*~ (hiding).
 20516 | D:13     | Received a gift from Okawaru
 20522 | D:13     | 20522 ||| INVOKING Heroism.
 20607 | D:13     | 20607 ||| DROPPING +0 broad axe.
 21147 | D:13     | 21147 ||| UPGRADING to +2 plate armour of positive energy.
 21157 | D:13     | 21157 ||| DROPPING +0 plate armour.
 21230 | D:14     | 21230 ||| Stepping ~*~*~tactically~*~*~ (stealth).
 21293 | D:14     | Found Ixiun's Jewellery Shop.
 21302 | D:14     | 21302 ||| INVOKING Heroism.
 21308 | D:14     | 21308 ||| READING 6 scrolls of teleportation.
 21312 | D:14     | 21312 ||| INVOKING Finesse.
 21468 | D:14     | 21468 ||| INVOKING Heroism.
 21473 | D:14     | 21473 ||| SWAPPING to +1 demon whip of venom.
 21478 | D:14     | 21478 ||| SWAPPING to +8 broad axe "Inuech" {heavy, rN+}.
 21537 | D:14     | 21537 ||| SHOPLISTING +6 ring of strength (468 gold, have
                  | 145).
 21537 | D:14     | 21537 ||| SHOPLISTING amulet of faith (520 gold, have 145).
 21537 | D:14     | 21537 ||| SHOPLISTING ring of fire (325 gold, have 145).
 21537 | D:14     | 21537 ||| SHOPLISTING ring of positive energy (260 gold,
                  | have 145).
 21537 | D:14     | 21537 ||| SHOPLISTING ring of protection from cold (325
                  | gold, have 145).
 21628 | D:14     | 21628 ||| Stepping ~*~*~tactically~*~*~ (stealth).
 21630 | D:14     | 21630 ||| Stepping ~*~*~tactically~*~*~ (stealth).
 21732 | D:14     | Identified the +1 flail "Woimyof" {flame, rN++ Str+3}
 21742 | D:14     | Found Ulya's Magic Scroll Shoppe.
 21743 | D:14     | 21743 ||| Stepping ~*~*~tactically~*~*~ (hiding).
 21744 | D:14     | 21744 ||| Stepping ~*~*~tactically~*~*~ (hiding).
 21745 | D:14     | 21745 ||| Stepping ~*~*~tactically~*~*~ (hiding).
 21756 | D:14     | Identified the +2 cloak of Restlessness {rPois rF+}
                  | (Okawaru gifted it to you on level 14 of the Dungeon)
 21756 | D:14     | Received a gift from Okawaru
 21820 | D:14     | 21820 ||| BUYING scroll of enchant weapon (127 gold).
 21820 | D:14     | Bought a scroll of enchant weapon for 127 gold pieces
 22109 | D:14     | Found Olaont's General Store.
 22122 | D:14     | 22122 ||| BUYING potion of curing (48 gold).
 22122 | D:14     | Bought a potion of curing for 48 gold pieces
 22122 | D:14     | 22122 ||| SHOPLISTING scroll of teleportation (48 gold,
                  | have 8).
 22208 | D:14     | 22208 ||| Stepping ~*~*~tactically~*~*~ (hiding).
 22331 | D:14     | Found Renuich's Magic Scroll Emporium.
 22347 | D:14     | 22347 ||| INVOKING Heroism.
 22349 | D:14     | 22349 ||| Stepping ~*~*~tactically~*~*~ (stealth).
 22350 | D:14     | 22350 ||| Stepping ~*~*~tactically~*~*~ (stealth).
 22404 | D:14     | 22404 ||| DROPPING +2 cloak of Restlessness {rPois rF+}.
 22405 | D:14     | 22405 ||| DROPPING ring of wizardry.
 22509 | D:15     | Entered Level 15 of the Dungeon
 22515 | D:15     | 22515 ||| Stepping ~*~*~tactically~*~*~ (stealth).
 22541 | D:15     | 22541 ||| INVOKING Heroism.
 22542 | D:15     | 22542 ||| INVOKING Finesse.
 22543 | D:15     | 22543 ||| INVOKING Finesse.
 22551 | D:15     | Reached XP level 16. HP: 81/102 MP: 16/23
 22557 | D:15     | 22557 ||| SWAPPING to +1 demon whip of venom.
 22566 | D:15     | 22566 ||| SWAPPING to +8 broad axe "Inuech" {heavy, rN+}.
 22718 | D:15     | 22718 ||| INVOKING Heroism.
 22958 | D:15     | Reached skill level 13 in Fighting
 23193 | D:15     | 23193 ||| Stepping ~*~*~tactically~*~*~ (hiding).
 23196 | D:15     | Found a staircase to the Depths.
 23198 | D:15     | 23198 ||| Stepping ~*~*~tactically~*~*~ (hiding).
 23275 | D:15     | 23275 ||| INVOKING Heroism.
 23400 | D:15     | 23400 ||| PLANNING ORC
 23400 | D:15     | 23400 ||| DROPPING amulet of magic regeneration.
 23401 | D:15     | 23401 ||| READING 14 scrolls of identify.
 23401 | D:15     | 23401 ||| IDENTIFYING dark potion
 23402 | D:15     | 23402 ||| DROPPING potion of brilliance.
 23526 | Orc:1    | Entered Level 1 of the Orcish Mines
 23532 | Orc:1    | 23532 ||| STAIRDANCE
 23601 | D:10     | 23601 ||| INVOKING Heroism.
 23644 | D:10     | 23644 ||| DROPPING amulet of regeneration.
 23937 | Orc:2    | Entered Level 2 of the Orcish Mines
 23943 | Orc:2    | Reached skill level 12 in Armour
 23954 | Orc:1    | 23954 ||| INVOKING Heroism.
 23978 | Orc:1    | 23978 ||| Stepping ~*~*~tactically~*~*~ (stealth).
 23982 | Orc:1    | 23982 ||| Stepping ~*~*~tactically~*~*~ (stealth).
 23983 | Orc:1    | 23983 ||| Stepping ~*~*~tactically~*~*~ (stealth).
 24315 | Orc:2    | Found a staircase to the Elven Halls.
 24325 | Orc:2    | 24325 ||| Stepping ~*~*~tactically~*~*~ (stealth).
 24328 | Orc:2    | 24328 ||| Stepping ~*~*~tactically~*~*~ (stealth).
 24329 | Orc:2    | 24329 ||| Stepping ~*~*~tactically~*~*~ (hiding).
 24332 | Orc:2    | 24332 ||| Stepping ~*~*~tactically~*~*~ (hiding).
 24551 | Orc:2    | Noticed Rupert
 24552 | Orc:2    | 24552 ||| INVOKING Heroism.
 24561 | Orc:2    | Killed Rupert
 24572 | Orc:2    | Noticed Jorgrun
 24580 | Orc:2    | HP: 19/104 [orc high priest/divine providence (12)]
 24581 | Orc:2    | 24581 ||| READING 5 scrolls of teleportation.
 24582 | Orc:2    | 24582 ||| DRINKING 4 potions of heal wounds.
 24617 | Orc:2    | 24617 ||| INVOKING Heroism.
 24624 | Orc:2    | Killed Jorgrun
 24625 | Orc:2    | Reached skill level 6 in Throwing
 24906 | Orc:2    | 24906 ||| Stepping ~*~*~tactically~*~*~ (hiding).
 24909 | Orc:2    | 24909 ||| Stepping ~*~*~tactically~*~*~ (hiding).
 24913 | Orc:2    | 24913 ||| INVOKING Heroism.
 24919 | Orc:2    | Found Xeirreet's Antique Weapon Boutique.
 24946 | Orc:2    | HP: 15/104 [orc priest/divine providence (16)]
 24947 | Orc:2    | 24947 ||| READING 4 scrolls of teleportation.
 24947 | Orc:2    | HP: 5/104 [orc warrior/+0 battleaxe (10)]
 24948 | Orc:2    | 24948 ||| DRINKING 3 potions of heal wounds.
 24949 | Orc:2    | 24949 ||| DRINKING 2 potions of heal wounds.
 25158 | Orc:2    | Received a gift from Okawaru
 25227 | Orc:2    | Found a runed translucent gate.
 25230 | Orc:2    | Found a runed translucent gate.
 25230 | Orc:2    | Found a runed translucent gate.
 25231 | Orc:2    | Found an opulent altar of Gozag.
 25231 | Orc:2    | Found Cacvaex's Assorted Antiques.
 25232 | Orc:2    | Noticed qw's ghost (adept GrFi)
 25361 | Orc:2    | 25361 ||| Stepping ~*~*~tactically~*~*~ (stealth).
 25368 | Orc:2    | 25368 ||| FLEEEEING.
 25369 | Orc:2    | 25369 ||| Stepping ~*~*~tactically~*~*~ (hiding).
 25371 | Orc:2    | 25371 ||| INVOKING Heroism.
 25466 | Orc:2    | 25466 ||| Stepping ~*~*~tactically~*~*~ (hiding).
 25481 | Orc:2    | 25481 ||| Stepping ~*~*~tactically~*~*~ (hiding).
 25482 | Orc:2    | 25482 ||| Stepping ~*~*~tactically~*~*~ (hiding).
 25524 | Orc:2    | 25524 ||| Stepping ~*~*~tactically~*~*~ (stealth).
 25539 | Orc:2    | 25539 ||| Stepping ~*~*~tactically~*~*~ (stealth).
 25540 | Orc:2    | 25540 ||| Stepping ~*~*~tactically~*~*~ (stealth).
 25551 | Orc:2    | 25551 ||| Stepping ~*~*~tactically~*~*~ (stealth).
 25556 | Orc:2    | 25556 ||| Stepping ~*~*~tactically~*~*~ (hiding).
 25559 | Orc:2    | 25559 ||| Stepping ~*~*~tactically~*~*~ (hiding).
 25562 | Orc:2    | 25562 ||| INVOKING Heroism.
 25570 | Orc:2    | 25570 ||| Stepping ~*~*~tactically~*~*~ (stealth).
 25571 | Orc:2    | 25571 ||| Stepping ~*~*~tactically~*~*~ (stealth).
 25572 | Orc:2    | 25572 ||| Stepping ~*~*~tactically~*~*~ (hiding).
 25597 | Orc:2    | Found Icluk's Antique Weapon Shoppe.
 25604 | Orc:2    | Found Qitwiama's Weapon Shoppe.
 25606 | Orc:2    | Found Kicroro's Armour Boutique.
 25615 | Orc:2    | 25615 ||| BUYING +3 chain mail of Hedge Wizardry {Str+4
                  | Dex+4} (692 gold).
 25615 | Orc:2    | Bought the +3 chain mail of Hedge Wizardry {Str+4 Dex+4}
                  | for 692 gold pieces
 25777 | Orc:2    | 25777 ||| PLANNING SPIDER:1-3
 25777 | Orc:2    | 25777 ||| UPGRADING to +3 chain mail of Hedge Wizardry
                  | {Str+4 Dex+4}.
 25787 | Orc:2    | 25787 ||| DROPPING +2 plate armour of positive energy.
 25900 | Spider:1 | Entered Level 1 of the Spider Nest
 25903 | Spider:1 | 25903 ||| Stepping ~*~*~tactically~*~*~ (stealth).
 25917 | Spider:1 | 25917 ||| STAIRDANCE
 25956 | Spider:1 | 25956 ||| STAIRDANCE
 26035 | Spider:1 | 26035 ||| INVOKING Heroism.
 26035 | Spider:1 | HP: 23/104 [disintegration (19)]
 26036 | Spider:1 | 26036 ||| READING 3 scrolls of teleportation.
 26037 | Spider:1 | 26037 ||| DRINKING potion of heal wounds.
 26211 | Spider:1 | 26211 ||| Stepping ~*~*~tactically~*~*~ (stealth).
 26238 | Spider:1 | 26238 ||| INVOKING Heroism.
 26241 | Spider:1 | HP: 26/104 [demonic crawler (2)]
 26242 | Spider:1 | 26242 ||| READING 2 scrolls of teleportation.
 26242 | Spider:1 | HP: 9/104 [demonic crawler (7)]
 26382 | Spider:1 | 26382 ||| Stepping ~*~*~tactically~*~*~ (stealth).
 26403 | Spider:1 | 26403 ||| INVOKING Heroism.
 26405 | Spider:1 | 26405 ||| Stepping ~*~*~tactically~*~*~ (hiding).
 26519 | Spider:1 | 26519 ||| Stepping ~*~*~tactically~*~*~ (stealth).
 26568 | Spider:1 | 26568 ||| Stepping ~*~*~tactically~*~*~ (hiding).
 26574 | Spider:1 | 26574 ||| Stepping ~*~*~tactically~*~*~ (stealth).
 26606 | Spider:1 | 26606 ||| Stepping ~*~*~tactically~*~*~ (stealth).
 26608 | Spider:1 | 26608 ||| Stepping ~*~*~tactically~*~*~ (stealth).
 27526 | Spider:1 | 27526 ||| DROPPING amulet of guardian spirit.
 27664 | Spider:2 | 27664 ||| INVOKING Heroism.
 27677 | Spider:2 | Reached skill level 18 in Axes
 27709 | Spider:2 | 27709 ||| Stepping ~*~*~tactically~*~*~ (stealth).
 27710 | Spider:2 | 27710 ||| Stepping ~*~*~tactically~*~*~ (stealth).
 27772 | Spider:2 | 27772 ||| Stepping ~*~*~tactically~*~*~ (stealth).
 27832 | Spider:2 | Reached XP level 17. HP: 108/108 MP: 24/24
 27969 | Spider:2 | 27969 ||| Stepping ~*~*~tactically~*~*~ (stealth).
 27980 | Spider:2 | 27980 ||| Stepping ~*~*~tactically~*~*~ (stealth).
 28033 | Spider:2 | 28033 ||| Stepping ~*~*~tactically~*~*~ (stealth).
 28035 | Spider:2 | 28035 ||| Stepping ~*~*~tactically~*~*~ (stealth).
 28049 | Spider:2 | 28049 ||| Stepping ~*~*~tactically~*~*~ (stealth).
 28050 | Spider:2 | 28050 ||| Stepping ~*~*~tactically~*~*~ (stealth).
 28079 | Spider:2 | 28079 ||| INVOKING Heroism.
 28092 | Spider:2 | Reached skill level 14 in Fighting
 28149 | Spider:2 | 28149 ||| Stepping ~*~*~tactically~*~*~ (hiding).
 28150 | Spider:2 | 28150 ||| INVOKING Finesse.
 28443 | Spider:2 | 28443 ||| Stepping ~*~*~tactically~*~*~ (hiding).
 28448 | Spider:2 | Noticed Arachne
 28459 | Spider:2 | 28459 ||| INVOKING Heroism.
 28466 | Spider:2 | Killed Arachne
 28805 | Spider:2 | 28805 ||| INVOKING Heroism.
 28987 | Spider:2 | 28987 ||| INVOKING Heroism.
 28995 | Spider:2 | Reached skill level 6 in Dodging
 29111 | Spider:2 | 29111 ||| UPGRADING to amulet of faith.
 29121 | Spider:2 | 29121 ||| READING 14 scrolls of identify.
 29121 | Spider:2 | 29121 ||| IDENTIFYING ruby potion
 29207 | Spider:3 | 29207 ||| Stepping ~*~*~tactically~*~*~ (stealth).
 29217 | Spider:3 | 29217 ||| Stepping ~*~*~tactically~*~*~ (hiding).
 29218 | Spider:3 | 29218 ||| Stepping ~*~*~tactically~*~*~ (stealth).
 29225 | Spider:3 | Noticed Bai Suzhen
 29226 | Spider:3 | 29226 ||| INVOKING Heroism.
 29227 | Spider:3 | 29227 ||| INVOKING Finesse.
 29233 | Spider:3 | 29233 ||| Stepping ~*~*~tactically~*~*~ (stealth).
 29234 | Spider:3 | 29234 ||| Stepping ~*~*~tactically~*~*~ (stealth).
 29235 | Spider:3 | 29235 ||| Stepping ~*~*~tactically~*~*~ (stealth).
 29236 | Spider:3 | 29236 ||| Stepping ~*~*~tactically~*~*~ (stealth).
 29237 | Spider:3 | 29237 ||| Stepping ~*~*~tactically~*~*~ (stealth).
 29238 | Spider:3 | 29238 ||| Stepping ~*~*~tactically~*~*~ (stealth).
 29239 | Spider:3 | 29239 ||| Stepping ~*~*~tactically~*~*~ (stealth).
 29247 | Spider:3 | Killed Bai Suzhen
 29247 | Spider:3 | Received a gift from Okawaru
 29256 | Spider:3 | 29256 ||| Stepping ~*~*~tactically~*~*~ (stealth).
 29257 | Spider:3 | Noticed Kirke
 29281 | Spider:3 | Killed Kirke
 29282 | Spider:3 | Reached skill level 15 in Fighting
 29290 | Spider:3 | 29290 ||| INVOKING Heroism.
 29322 | Spider:3 | 29322 ||| Stepping ~*~*~tactically~*~*~ (stealth).
 29329 | Spider:3 | 29329 ||| Stepping ~*~*~tactically~*~*~ (stealth).
 29336 | Spider:3 | 29336 ||| INVOKING Heroism.
 29399 | Spider:3 | 29399 ||| Stepping ~*~*~tactically~*~*~ (stealth).
 29423 | Spider:3 | 29423 ||| Stepping ~*~*~tactically~*~*~ (stealth).
 29434 | Spider:3 | 29434 ||| INVOKING Finesse.
 29438 | Spider:3 | Received a gift from Okawaru
 29442 | Spider:3 | 29442 ||| INVOKING Heroism.
 29618 | Spider:3 | 29618 ||| INVOKING Heroism.
 29687 | Spider:3 | 29687 ||| FLEEEEING.
 29777 | Spider:3 | 29777 ||| Stepping ~*~*~tactically~*~*~ (stealth).
 29840 | Spider:3 | 29840 ||| FLEEEEING.
 29842 | Spider:3 | 29842 ||| FLEEEEING.
 29843 | Spider:3 | 29843 ||| FLEEEEING.
 29844 | Spider:3 | 29844 ||| FLEEEEING.
 29845 | Spider:3 | 29845 ||| FLEEEEING.
 29846 | Spider:3 | 29846 ||| FLEEEEING.
 29847 | Spider:3 | 29847 ||| FLEEEEING.
 29848 | Spider:3 | 29848 ||| INVOKING Heroism.
 29851 | Spider:3 | Reached skill level 15 in Shields
 30098 | Spider:3 | 30098 ||| PLANNING SWAMP:1-3
 30201 | Swamp:1  | Entered Level 1 of the Swamp
 30202 | Swamp:1  | 30202 ||| INVOKING Heroism.
 30219 | Swamp:1  | Noticed Josephine
 30228 | Swamp:1  | 30228 ||| INVOKING Heroism.
 30231 | Swamp:1  | Killed Josephine
 30421 | Swamp:1  | 30421 ||| Stepping ~*~*~tactically~*~*~ (hiding).
 30475 | Swamp:1  | 30475 ||| INVOKING Heroism.
 30711 | Swamp:1  | 30711 ||| INVOKING Heroism.
 31000 | Swamp:2  | 31000 ||| Stepping ~*~*~tactically~*~*~ (hiding).
 31013 | Swamp:2  | Reached XP level 18. HP: 113/120 MP: 25/25
 31020 | Swamp:2  | 31020 ||| Stepping ~*~*~tactically~*~*~ (stealth).
 31023 | Swamp:2  | 31023 ||| Stepping ~*~*~tactically~*~*~ (hiding).
 31046 | Swamp:2  | 31046 ||| DROPPING +1 demon whip of venom.
 31047 | Swamp:2  | 31047 ||| DROPPING +4 morningstar.
 31059 | Swamp:2  | 31059 ||| Stepping ~*~*~tactically~*~*~ (hiding).
 31064 | Swamp:2  | Reached skill level 16 in Fighting
 31181 | Swamp:2  | 31181 ||| Stepping ~*~*~tactically~*~*~ (hiding).
 31441 | Swamp:2  | 31441 ||| FLEEEEING.
 31442 | Swamp:2  | 31442 ||| FLEEEEING.
 31443 | Swamp:2  | 31443 ||| FLEEEEING.
 31447 | Swamp:2  | 31447 ||| INVOKING Heroism.
 31857 | Swamp:3  | 31857 ||| INVOKING Heroism.
 31868 | Swamp:3  | Received a gift from Okawaru
 31913 | Swamp:3  | 31913 ||| INVOKING Heroism.
 31963 | Swamp:3  | Found a transporter.
 31978 | Swamp:3  | 31978 ||| Stepping ~*~*~tactically~*~*~ (stealth).
 31980 | Swamp:3  | 31980 ||| Stepping ~*~*~tactically~*~*~ (stealth).
 31991 | Swamp:3  | Found a transporter.
 31996 | Swamp:3  | 31996 ||| INVOKING Heroism.
 32088 | Swamp:3  | 32088 ||| FLEEEEING.
 32089 | Swamp:3  | 32089 ||| FLEEEEING.
 32090 | Swamp:3  | 32090 ||| FLEEEEING.
 32091 | Swamp:3  | 32091 ||| FLEEEEING.
 32092 | Swamp:3  | 32092 ||| FLEEEEING.
 32093 | Swamp:3  | 32093 ||| FLEEEEING.
 32101 | Swamp:3  | 32101 ||| FLEEEEING.
 32102 | Swamp:3  | 32102 ||| FLEEEEING.
 32103 | Swamp:3  | 32103 ||| FLEEEEING.
 32104 | Swamp:3  | 32104 ||| FLEEEEING.
 32105 | Swamp:3  | 32105 ||| FLEEEEING.
 32106 | Swamp:3  | 32106 ||| FLEEEEING.
 32107 | Swamp:3  | 32107 ||| FLEEEEING.
 32108 | Swamp:3  | 32108 ||| FLEEEEING.
 32111 | Swamp:3  | 32111 ||| FLEEEEING.
 32112 | Swamp:3  | 32112 ||| INVOKING Heroism.
 32333 | Swamp:3  | 32333 ||| Stepping ~*~*~tactically~*~*~ (hiding).
 32441 | Swamp:3  | 32441 ||| INVOKING Heroism.
 32506 | Swamp:3  | 32506 ||| Stepping ~*~*~tactically~*~*~ (hiding).
 32508 | Swamp:3  | 32508 ||| INVOKING Heroism.
 32596 | Swamp:3  | Noticed a tentacled monstrosity
 32597 | Swamp:3  | 32597 ||| INVOKING Heroism.
 32605 | Swamp:3  | Killed a tentacled monstrosity
 32622 | Swamp:3  | Reached skill level 17 in Fighting
 32721 | Swamp:3  | 32721 ||| INVOKING Heroism.
 33031 | Swamp:3  | 33031 ||| PLANNING SPIDER:4
 33031 | Swamp:3  | 33031 ||| DROPPING scarf of invisibility.
 33190 | Spider:4 | Entered Level 4 of the Spider Nest
 33194 | Spider:4 | 33194 ||| Stepping ~*~*~tactically~*~*~ (hiding).
 33246 | Spider:4 | 33246 ||| Stepping ~*~*~tactically~*~*~ (stealth).
 33273 | Spider:4 | 33273 ||| Stepping ~*~*~tactically~*~*~ (stealth).
 33352 | Spider:4 | 33352 ||| Stepping ~*~*~tactically~*~*~ (stealth).
 33364 | Spider:4 | 33364 ||| Stepping ~*~*~tactically~*~*~ (stealth).
 33365 | Spider:4 | 33365 ||| Stepping ~*~*~tactically~*~*~ (stealth).
 33366 | Spider:4 | 33366 ||| Stepping ~*~*~tactically~*~*~ (stealth).
 33404 | Spider:4 | 33404 ||| INVOKING Heroism.
 33406 | Spider:4 | 33406 ||| Stepping ~*~*~tactically~*~*~ (stealth).
 33407 | Spider:4 | 33407 ||| Stepping ~*~*~tactically~*~*~ (stealth).
 33408 | Spider:4 | 33408 ||| Stepping ~*~*~tactically~*~*~ (stealth).
 33409 | Spider:4 | 33409 ||| Stepping ~*~*~tactically~*~*~ (stealth).
 33413 | Spider:4 | 33413 ||| Stepping ~*~*~tactically~*~*~ (stealth).
 33470 | Spider:4 | 33470 ||| INVOKING Heroism.
 33581 | Spider:4 | 33581 ||| Stepping ~*~*~tactically~*~*~ (stealth).
 33589 | Spider:4 | 33589 ||| INVOKING Finesse.
 33603 | Spider:4 | 33603 ||| Stepping ~*~*~tactically~*~*~ (stealth).
 33766 | Spider:4 | 33766 ||| Stepping ~*~*~tactically~*~*~ (hiding).
 33772 | Spider:4 | 33772 ||| INVOKING Finesse.
 33829 | Spider:4 | 33829 ||| INVOKING Heroism.
 33831 | Spider:4 | 33831 ||| FLEEEEING.
 33832 | Spider:4 | 33832 ||| FLEEEEING.
 33833 | Spider:4 | 33833 ||| Stepping ~*~*~tactically~*~*~ (stealth).
 33834 | Spider:4 | 33834 ||| FLEEEEING.
 33835 | Spider:4 | 33835 ||| FLEEEEING.
 33836 | Spider:4 | 33836 ||| FLEEEEING.
 33837 | Spider:4 | 33837 ||| FLEEEEING.
 34030 | Spider:4 | 34030 ||| INVOKING Heroism.
 34032 | Spider:4 | HP: 26/123 [spark wasp[a torpor snail] (16)]
 34033 | Spider:4 | 34033 ||| READING 2 scrolls of teleportation.
 34033 | Spider:4 | HP: 10/123 [spark wasp (4)]
 34034 | Spider:4 | 34034 ||| DRINKING 2 potions of heal wounds.
 34075 | Spider:4 | 34075 ||| Stepping ~*~*~tactically~*~*~ (stealth).
 34076 | Spider:4 | 34076 ||| FLEEEEING.
 34077 | Spider:4 | 34077 ||| FLEEEEING.
 34078 | Spider:4 | 34078 ||| FLEEEEING.
 34079 | Spider:4 | 34079 ||| FLEEEEING.
 34080 | Spider:4 | 34080 ||| FLEEEEING.
 34081 | Spider:4 | 34081 ||| FLEEEEING.
 34082 | Spider:4 | 34082 ||| STAIRDANCE
 34292 | Spider:4 | 34292 ||| Stepping ~*~*~tactically~*~*~ (stealth).
 34295 | Spider:4 | 34295 ||| Stepping ~*~*~tactically~*~*~ (stealth).
 34298 | Spider:4 | 34298 ||| Stepping ~*~*~tactically~*~*~ (stealth).
 34299 | Spider:4 | 34299 ||| Stepping ~*~*~tactically~*~*~ (stealth).
 34300 | Spider:4 | 34300 ||| Stepping ~*~*~tactically~*~*~ (stealth).
 34404 | Spider:4 | 34404 ||| DRINKING 2 potions of cancellation.
 34406 | Spider:4 | HP: 24/123 [disintegration (41)]
 34407 | Spider:4 | 34407 ||| READING scroll of teleportation.
 34408 | Spider:4 | 34408 ||| DRINKING potion of heal wounds.
 34556 | Spider:4 | 34556 ||| INVOKING Heroism.
 34967 | Spider:4 | 34967 ||| Stepping randomly (disturbance).
 34968 | Spider:4 | 34968 ||| Stepping randomly (disturbance).
 34969 | Spider:4 | 34969 ||| Stepping randomly (disturbance).
 34970 | Spider:4 | 34970 ||| DROPPING +3 chain mail of poison resistance.
 35154 | Spider:4 | Identified the +1 pair of boots "Qycif" {Str+3 Int+4}
 35175 | Spider:4 | Got a gossamer rune of Zot
 35265 | Spider:4 | 35265 ||| PLANNING VAULTS:1-4
 35265 | Spider:4 | 35265 ||| UPGRADING to +1 pair of boots "Qycif" {Str+3
                  | Int+4}.
 35270 | Spider:4 | 35270 ||| DROPPING scarf of repulsion.
 35271 | Spider:4 | 35271 ||| UPGRADING to +2 pair of gloves of dexterity.
 35281 | Spider:4 | 35281 ||| DROPPING +2 pair of gloves.
 35282 | Spider:4 | 35282 ||| UPGRADING to ring of willpower.
 35503 | Vaults:1 | Entered Level 1 of the Vaults
 35514 | Vaults:1 | 35514 ||| INVOKING Heroism.
 35515 | Vaults:1 | 35515 ||| INVOKING Finesse.
 35644 | Vaults:1 | Found Xeyd's Armour Shoppe.
 35862 | Vaults:1 | Reached XP level 19. HP: 128/128 MP: 26/26
 35869 | Vaults:1 | 35869 ||| INVOKING Heroism.
 35870 | Vaults:1 | 35870 ||| INVOKING Finesse.
 35948 | Vaults:1 | 35948 ||| Stepping ~*~*~tactically~*~*~ (stealth).
 36051 | Vaults:1 | Found Paop's Assorted Antiques.
 36055 | Vaults:1 | 36055 ||| BUYING heavily runed steel ring (145 gold).
 36055 | Vaults:1 | Bought a heavily runed steel ring for 145 gold pieces
 36055 | Vaults:1 | Identified the ring of Pride {rElec rCorr AC+4} (You bought
                  | it in a shop on level 1 of the Vaults)
 36107 | Vaults:1 | 36107 ||| Stepping ~*~*~tactically~*~*~ (hiding).
 36109 | Vaults:1 | 36109 ||| Stepping ~*~*~tactically~*~*~ (hiding).
 36110 | Vaults:1 | 36110 ||| Stepping ~*~*~tactically~*~*~ (hiding).
 36113 | Vaults:1 | 36113 ||| INVOKING Heroism.
 36114 | Vaults:1 | 36114 ||| INVOKING Finesse.
 36192 | Vaults:1 | 36192 ||| Stepping ~*~*~tactically~*~*~ (stealth).
 36216 | Vaults:1 | 36216 ||| INVOKING Heroism.
 36218 | Vaults:1 | Reached skill level 18 in Fighting
 36222 | Vaults:1 | 36222 ||| INVOKING Finesse.
 36223 | Vaults:1 | Received a gift from Okawaru
 36297 | Vaults:1 | Identified the +6 war axe of Imbalance {drain, Dex+4}
 36304 | Vaults:1 | 36304 ||| Stepping ~*~*~tactically~*~*~ (stealth).
 36318 | Vaults:1 | Received a gift from Okawaru
 36458 | Vaults:1 | 36458 ||| Stepping ~*~*~tactically~*~*~ (hiding).
 36573 | Vaults:1 | 36573 ||| Stepping ~*~*~tactically~*~*~ (stealth).
 36616 | Vaults:1 | 36616 ||| Stepping ~*~*~tactically~*~*~ (stealth).
 36629 | Vaults:1 | 36629 ||| INVOKING Heroism.
 36634 | Vaults:1 | Received a gift from Okawaru
 36718 | Vaults:1 | 36718 ||| INVOKING Heroism.
 36802 | Vaults:1 | 36802 ||| INVOKING Heroism.
 36995 | Vaults:1 | Received a gift from Okawaru
 37068 | Vaults:1 | 37068 ||| INVOKING Heroism.
 37081 | Vaults:1 | 37081 ||| Stepping ~*~*~tactically~*~*~ (hiding).
 37082 | Vaults:1 | 37082 ||| Stepping ~*~*~tactically~*~*~ (hiding).
 37160 | Vaults:1 | 37160 ||| UPGRADING to ring of Pride {rElec rCorr AC+4}.
 37162 | Vaults:1 | 37162 ||| DROPPING ring of willpower.
 37370 | Vaults:2 | 37370 ||| INVOKING Heroism.
 37371 | Vaults:2 | 37371 ||| INVOKING Finesse.
 37395 | Vaults:2 | Reached skill level 9 in Dodging
 37605 | Vaults:2 | 37605 ||| INVOKING Heroism.
 37617 | Vaults:2 | Reached skill level 9 in Throwing
 37620 | Vaults:2 | 37620 ||| INVOKING Finesse.
 37632 | Vaults:2 | Received a gift from Okawaru
 37635 | Vaults:2 | HP: 21/130 [sphinx/divine providence (14)]
 38373 | Vaults:2 | Found a staircase to the Crypt.
 38659 | Vaults:2 | 38659 ||| DROPPING +1 pair of boots of flying.
 38660 | Vaults:2 | 38660 ||| READING scroll labelled XIBACOLEIS.
 38728 | Vaults:3 | Identified the +1 scale mail of Knowledge {rElec Str+5
                  | Int-5}
 38818 | Vaults:3 | 38818 ||| INVOKING Heroism.
 38819 | Vaults:3 | 38819 ||| INVOKING Finesse.
 38999 | Vaults:3 | 38999 ||| Stepping ~*~*~tactically~*~*~ (stealth).
 39001 | Vaults:3 | 39001 ||| Stepping ~*~*~tactically~*~*~ (stealth).
 39002 | Vaults:3 | 39002 ||| Stepping ~*~*~tactically~*~*~ (hiding).
 39003 | Vaults:3 | 39003 ||| Stepping ~*~*~tactically~*~*~ (stealth).
 39004 | Vaults:3 | 39004 ||| Stepping ~*~*~tactically~*~*~ (hiding).
 39006 | Vaults:3 | 39006 ||| Stepping ~*~*~tactically~*~*~ (hiding).
 39022 | Vaults:3 | 39022 ||| INVOKING Heroism.
 39243 | Vaults:3 | Noticed a tentacled monstrosity
 39244 | Vaults:3 | 39244 ||| INVOKING Heroism.
 39246 | Vaults:3 | Reached XP level 20. HP: 137/137 MP: 24/27
 39308 | Vaults:3 | Identified the +2 scale mail of Vox Vepn {rC- Str+4 Dex+2}
 39327 | Vaults:3 | 39327 ||| Stepping ~*~*~tactically~*~*~ (hiding).
 39638 | Vaults:3 | Found Udiacrem's Weapon Emporium.
 39795 | Vaults:3 | 39795 ||| FLEEEEING.
 39797 | Vaults:3 | 39797 ||| FLEEEEING.
 39825 | Vaults:3 | 39825 ||| FLEEEEING.
 39827 | Vaults:3 | 39827 ||| FLEEEEING.
 39829 | Vaults:3 | 39829 ||| FLEEEEING.
 40038 | Vaults:3 | 40038 ||| Stepping ~*~*~tactically~*~*~ (stealth).
 40043 | Vaults:3 | Reached skill level 19 in Fighting
 40447 | Vaults:4 | 40447 ||| INVOKING Heroism.
 40455 | Vaults:4 | HP: 26/139 [orc knight/+0 glaive (17)]
 40456 | Vaults:4 | 40456 ||| DRINKING potion of heal wounds.
 40456 | Vaults:4 | HP: 12/139 [yaktaur captain (9)]
 40457 | Vaults:4 | Mangled by an orc knight

Levels and vault maps discovered:
D:1:      ncdulo_watergridlock, layout_basic, minmay_tetromino_i4
D:2:      layout_loops_cross
D:3:      layout_basic, gup_sewer_entry_bubbles
D:4:      layout_cave_pools, nrook_uturn
D:5:      layout_basic, kennysheep_boxes
D:6:      layout_layer_cave, minmay_temple_entry_hall, uniq_grinder
D:7:      layout_basic, nicolae_shop_overcharged_wands
D:8:      minmay_recursive_quarters, layout_rooms,
          chequers_temple_overflow_statue_of_worship
D:9:      layout_basic, nicolae_concentric_dashed_squares_wild, uniq_amaemon
D:10:     statuecave_lemuel, layout_cross, dpeg_lair_monsters, orc_0_dummy,
          st_stairs_13, uniq_grum
D:11:     layout_gridville, uniq_harold, uniq_gastronok
D:12:     layout_layer_cave, serial_shops, nicolae_shop_tiny_statue_garden,
          nicolae_shop_fire_sale [nicolae_sub_dead_trees],
          kennysheep_orc_sif_temple
D:13:     minmay_stepped, layout_grid_maze, grunt_vaults_entry_fortified,
          portal_ice_cave_entry_pillars_1
D:14:     layout_stronghold, minmay_strange_pillars, serial_shops,
          nicolae_shop_gaudy_bauble, kennysheep_little_box, shop, shop,
          nicolae_elevator_lobby_plus
D:15:     hangedman_depths_entry_try_elsewhere_first, layout_basic,
          minmay_misc_feat_secret_circle
Temple:   hc_temple_tempest_star
Lair:1:   layout_gridlike, serial_bayou_pond_a, grunt_megastairs_3,
          infiniplex_staircase_pool_2
Lair:2:   layout_layer_cave, spider_nest_entry_web_field
Lair:3:   layout_gridlike, swamp_mist
Lair:4:   layout_hall_layers, dpeg_slime_entry_enclosed, forest_entry_grove
Lair:5:   minmay_lair_end_enchanted_forest, layout_long_grid, roderic_batcave,
          chequers_serial_rivers_small_3
Swamp:1:  layout_basic_swamp, evilmike_swamp_ruin_house_4, swamp_pool3,
          uniq_josephine
Swamp:2:  layout_basic_swamp, serial_swamp_ruin, evilmike_swamp_ruin_house_6,
          hangedman_swamp_ruin_hall, swamp_pool3, nzn_swamp_dancing_lights
Swamp:3:  gammafunk_worm_tunnel, layout_falls_marsh, evilmike_swamp_ruin_wall,
          swamp_pool3, nicolae_swamp_necromancy_gone_wrong
Spider:1: layout_chambers, hangedman_spider_tarantella_strand
Spider:2: spiders_nest_scorpion_pit, uniq_arachne
Spider:3: layout_spider_delve, uniq_bai_suzhen, uniq_kirke
Spider:4: spider_rune_water
Orc:1:    layout_caves
Orc:2:    st_orc_elflike, layout_caves, ebering_ghost_gozag, mines2_lemuel,
          uniq_rupert, uniq_jorgrun
Vaults:1: v_misc_19, nicolae_vaults_stand_back,
          nicolae_vaults_taking_the_gang_shopping, vaults_dpeg_spiral,
          vaults_room_octagon, nicolae_vaults_network_s, v_rooms_6,
          grunt_vaults_hallway_short, ontoclasm_vaults_idyll,
          nicolae_vaults_house_2, layout_vaults_omnibox, serial_shops,
          nicolae_shop_back_alley_shop
Vaults:2: nicolae_vaults_crenellated_ambush, minmay_crypt_entry_simple_corners,
          nicolae_vaults_trapezoid_lopsided_3, nicolae_vaults_asterisk,
          v_misc_32, ontoclasm_vaults_ring_large,
          hangedman_vaults_stretched_pinwheel, layout_vaults_quadrants
Vaults:3: nicolae_vaults_trapezoid_lopsided_3, nicolae_vaults_network_star,
          nicolae_vaults_heist, vaults_mumra_hexcomb,
          vaults_dpeg_emergency_exit, layout_vaults_chaotic_city, serial_shops,
          nicolae_shop_statue_plus
Vaults:4: nicolae_vaults_closet_pinwheel_6, vaults_mumra_chevron,
          nicolae_vaults_trapezoid_2, nicolae_vaults_tetromino_Z_2,
          nicolae_vaults_tangram_2, hangedman_vaults_stitches,
          hangedman_vaults_capsules, ontoclasm_vaults_ligature,
          dpeg_vaults_monster_row, nicolae_vaults_variable_pillar_hall,
          ontoclasm_vaults_tryst, ontoclasm_vaults_pinch, vaults_room_grid,
          nicolae_vaults_little_squares_3, layout_vaults_maze, serial_shops,
          nicolae_shop_bloodbath_and_beyond, shop, nicolae_shop_rolling_square,
          shop

Skill      XL: |  1  2  3  4  5  6  7  8  9 10 11 12 13 14 15 16 17 18 19 20 |
---------------+-------------------------------------------------------------+-----
Axes           | 2 3 4 5 6 7 8 9 10 11 12 14 15 17 18 | 18.0
Fighting       | 4 5 6 7 9 10 12 13 15 17 18 19 | 19.0
Dodging        | 1 2 3 5 6 8 9 |  9.0
Throwing       | 1 3 5 6 9 |  9.9
Armour         | 4 6 7 9 10 11 12 13 14 | 14.0
Shields        | 6 9 10 11 12 13 15 16 | 16.5
Invocations    | 4 5 9 10 | 10.0

Action                     |  1- 3 |  4- 6 |  7- 9 | 10-12 | 13-15 | 16-18 | 19-21 || total
---------------------------+-------+-------+-------+-------+-------+-------+-------++-------
  Melee: War axe           |   103 |   177 |   315 |   501 |       |       |       ||  1096
         Broad axe         |       |       |       |   104 |  1067 |   924 |   308 ||  2403
         Demon whip        |       |       |       |    11 |    24 |     8 |       ||    43
  Throw: Boomerang         |       |       |    42 |    91 |   131 |   295 |    59 ||   618
         Javelin           |       |       |    27 |    30 |   109 |    63 |    25 ||   254
 Invoke: Heroism           |       |       |       |    24 |    27 |    42 |    13 ||   106
         Finesse           |       |       |       |     1 |     8 |     6 |     6 ||    21
    Use: Scroll            |     6 |     1 |    11 |     4 |     4 |     8 |     1 ||    35
         Potion            |     1 |     5 |     4 |     2 |       |     7 |     1 ||    20
 Armour: Scale mail        |    22 |       |       |       |       |       |       ||    22
         Chain mail        |    16 |   125 |    89 |       |       |   624 |   184 ||  1038
         Plate armour      |       |       |   155 |   380 |   551 |   112 |       ||  1198
  Dodge: Dodged            |    40 |    81 |   128 |   148 |   219 |   416 |   132 ||  1164
  Block: Buckler           |    18 |    34 |   147 |       |       |       |       ||   199
         Reflection        |       |       |     4 |     9 |    20 |     6 |       ||    39
         Kite shield       |       |       |    41 |   564 |   838 |   821 |   220 ||  2484

Table legend:
 A = Non-vault XP
 B = Vault XP
 C = Vault XP percentage of total XP
 D = Non-vault monster count
 E = Vault monster count
 F = Vault count percentage of total count
                 A         B        C        D         E       F
            +---------+---------+-------+---------+---------+-------
      Total |  280452 |  140378 |  33.4 |     880 |     317 |  26.5
            +---------+---------+-------+---------+---------+-------
        D:1 |      44 |       5 |  10.2 |      22 |       3 |  12.0
        D:2 |      18 |       0 |   0.0 |      10 |       0 |   0.0
        D:3 |     105 |      19 |  15.3 |      23 |       7 |  23.3
        D:4 |     194 |       0 |   0.0 |       9 |       0 |   0.0
        D:5 |     660 |       0 |   0.0 |      16 |       0 |   0.0
        D:6 |     947 |     267 |  22.0 |      15 |       1 |   6.2
        D:7 |    1436 |       0 |   0.0 |      31 |       0 |   0.0
        D:8 |     866 |     511 |  37.1 |      19 |       3 |  13.6
        D:9 |    3504 |    1152 |  24.7 |      28 |       2 |   6.7
       D:10 |    1138 |    4184 |  78.6 |      12 |      11 |  47.8
       D:11 |    6548 |    2376 |  26.6 |      32 |       2 |   5.9
       D:12 |    4328 |     261 |   5.7 |      24 |       5 |  17.2
       D:13 |    7288 |    9890 |  57.6 |      16 |      16 |  50.0
       D:14 |   19725 |       0 |   0.0 |      42 |       0 |   0.0
       D:15 |   14613 |    2124 |  12.7 |      28 |       4 |  12.5
     Lair:1 |    4930 |    1909 |  27.9 |      27 |       8 |  22.9
     Lair:2 |    7295 |       0 |   0.0 |      25 |       0 |   0.0
     Lair:3 |    7502 |       0 |   0.0 |      23 |       0 |   0.0
     Lair:4 |    7873 |    1102 |  12.3 |      24 |       7 |  22.6
     Lair:5 |   18922 |    9764 |  34.0 |      60 |      54 |  47.4
    Swamp:1 |    9856 |    1768 |  15.2 |      26 |       5 |  16.1
    Swamp:2 |    7060 |    1578 |  18.3 |      15 |       3 |  16.7
    Swamp:3 |   16942 |     616 |   3.5 |      26 |       2 |   7.1
   Spider:1 |   11722 |     271 |   2.3 |      31 |       1 |   3.1
   Spider:2 |   23259 |   11928 |  33.9 |      58 |      24 |  29.3
   Spider:3 |   19582 |    4791 |  19.7 |      53 |       4 |   7.0
   Spider:4 |   16509 |   17626 |  51.6 |      36 |      39 |  52.0
      Orc:1 |    2677 |       0 |   0.0 |      30 |       0 |   0.0
      Orc:2 |    3703 |   11973 |  76.4 |      29 |      27 |  48.2
   Vaults:1 |   30701 |   18752 |  37.9 |      48 |      23 |  32.4
   Vaults:2 |   20663 |   14417 |  41.1 |      30 |      14 |  31.8
   Vaults:3 |    8594 |   18078 |  67.8 |      11 |      22 |  66.7
   Vaults:4 |    1248 |    4590 |  78.6 |       1 |       7 |  87.5
      Sewer |       0 |     426 | 100.0 |       0 |      23 | 100.0
            +---------+---------+-------+---------+---------+-------
